 Dungeon Crawl Stone Soup version 0.20.1-1-g8b1a95d (webtiles) character file.

5318 Meenos the Cleaver (level 10, -12/88 HPs)
             Began as a Troll Fighter on Nov 13, 2017.
             Was a Follower of Fedhas.
             Mangled by a two-headed ogre
             ... wielding a cursed -2 giant spiked club
              (20 damage)
             ... on level 11 of the Dungeon.
             The game lasted 01:32:28 (7815 turns).

Meenos the Cleaver (Troll Fighter)                  Turns: 7815, Time: 01:32:29

Health: -12/88     AC: 11    Str: 29    XL:     10   Next: 38%
Magic:  8/9        EV: 10    Int:  4    God:    Fedhas [*.....]
Gold:   424        SH: 13    Dex:  9    Spells: 8/9 levels left

rFire    + . .     SeeInvis .   a - +0 war axe
rCold    + . .     Gourm    +   x - +2 shield {AC+3}
rNeg     . . .     Faith    +   b - +0 robe
rPois    .         Spirit   .   i - +1 hat
rElec    .         Reflect  .   v - scarf {rC+ rF+}
rCorr    .         Harm     .   (gloves unavailable)
MR       .....     Rnd*Tele +   (boots unavailable)
Stlth    ++........             r - amulet of faith
Regen    0.7/turn               g - ring of wizardry
MPRegen  0.2/turn               j - ring of stealth

@: no status effects
A: unfitting armour, claws 3, molten scales 1, fast metabolism 3, gourmand,
regeneration 1, shaggy fur 1, teleportitis 1, tough skin 2
a: Fungal Bloom, Evolution, Renounce Religion


You were on level 11 of the Dungeon.
You worshipped Fedhas.
Fedhas was aware of your devotion.
You were not hungry.

You visited 1 branch of the dungeon, and saw 9 of its levels.

You collected 424 gold pieces.

Inventory:

Hand Weapons
 a - a +0 war axe (weapon)
 D - a +0 hunting sling
 K - a +2 shortbow of freezing
Missiles
 d - 5 tomahawks of dispersal
 e - 245 stones
 l - 38 poisoned needles
 n - 67 arrows
 y - 21 bolts
 B - 84 sling bullets
 F - 7 tomahawks (quivered)
Armour
 b - a +0 robe (worn)
 c - a +0 shield
 i - a +1 hat (worn)
 v - a scarf of resistance (worn)
 x - a +2 shield of protection (worn)
 L - a +0 cloak
Jewellery
 g - a ring of wizardry (left claw)
 j - a ring of stealth (right claw)
 r - an amulet of faith (around neck)
 s - an uncursed ring of magical power
 P - a cursed ring of loudness {unknown}
 Q - an uncursed ring of flight {unknown}
Wands
 H - a wand of random effects (25/48)
 R - a wand of lightning (7/15)
Scrolls
 h - a scroll of teleportation {unknown}
 k - 3 scrolls of identify
 o - 3 scrolls of recharging
 p - 3 scrolls of remove curse {unknown}
 w - 2 scrolls of blinking {unknown}
 z - a scroll of enchant armour {unknown}
 A - 2 scrolls of enchant weapon {unknown}
 C - a scroll of random uselessness {unknown}
 G - 4 scrolls of noise
 I - a scroll of immolation {unknown}
 O - a scroll of fog {unknown}
Potions
 t - 2 potions of resistance
 u - 2 potions of agility
 E - 2 potions of lignification {unknown}
 J - 2 potions of flight {unknown}
 M - a potion of magic {unknown}
 N - a potion of cancellation {unknown}
 T - a potion of heal wounds {unknown}
Books
 S - a book of Debilitation

   Spells                             Type                      Level
   a - Corona                         Hexes                        1
   b - Slow                           Hexes                        2
   c - Inner Flame                    Hexes/Fire                   3
   d - Portal Projectile              Hexes/Translocation          3
   e - Cause Fear                     Hexes                        4
   f - Leda's Liquefaction            Hexes/Earth                  4
Comestibles
 f - 5 bread rations
 m - 12 fruits
 q - 3 meat rations


   Skills:
 - Level 2.4 Fighting
 + Level 10.0 Axes
 - Level 2.4 Dodging
 - Level 9.0 Shields


You had 8 spell levels left.
You knew the following spells:

 Your Spells              Type           Power        Failure   Level  Hunger
a - Corona                Hex            #......      22%         1    ##.....


Dungeon Overview and Level Annotations

Branches:
Dungeon (8/15)             Temple (0/1) D:7            Lair (0/6) D:8
    Orc (0/2) D:11

Altars:
Ashenzari
Elyvilon
Fedhas
Gozag
Hepliaklqana
Kikubaaqudgha
Nemelex Xobeh
Ru
Yredelemnul


Innate Abilities, Weirdness & Mutations

You are too large for most types of armour.
You have claws for hands.
Your metabolism is lightning-fast.
You like to eat raw meat.
Your natural rate of healing is unusually fast.
You are covered in fur. (AC +1)
You have very tough skin. (AC +2)
You are partially covered in molten scales. (AC +2)
You are occasionally teleported next to monsters.


Message History

The two-headed ogre easily resists.
The two-headed ogre hits you with a giant spiked club!!
The two-headed ogre completely misses you.
Found a chain mail.
You slash the two-headed ogre!
The two-headed ogre is moderately wounded.
The two-headed ogre hits you with a giant spiked club!!
You block the two-headed ogre's attack.
You hit the two-headed ogre.
The two-headed ogre is moderately wounded.
You block the two-headed ogre's attack.
The two-headed ogre hits you with a giant club!!
* * * LOW HITPOINT WARNING * * *
You completely miss the two-headed ogre.
The two-headed ogre is moderately wounded.
You slash the two-headed ogre!
The two-headed ogre is heavily wounded.
The two-headed ogre hits you with a giant spiked club!!
You die...
Fedhas appreciates your contribution to the ecosystem.

#[........#
#.........#
+.........#
#.[.......#
#.........#
#.........+
#?..>.O...#
#..?..@...#
#.........#
#####+#####
....>....8
.o.......
......=..
...8...
##.....


You could see a two-headed ogre.

Vanquished Creatures
  Pikel (D:7)
  The ghost of Gremour the Carver, a novice GrFi of Qazlal (D:6)
  A komodo dragon (D:8)
  A wraith (D:11)
  A hungry ghost (D:7)
  A yak (D:8)
  Edmund (D:6)
  Menkaure (D:5)
  Duvessa (D:7)
  2 water moccasins (D:8)
  2 ice beasts
  A black bear (D:8)
  2 orc warriors
  A hornet zombie (D:6)
  A sky beast (D:7)
  A slave (D:7)
  2 necrophages
  2 centaurs
  4 ogres
  A crocodile (D:8)
  5 bullfrogs
  A gnoll sergeant (D:8)
  Dowan (D:7)
  2 scorpions
  3 killer bees (D:8)
  A wight (D:8)
  A crimson imp (D:5)
  2 bullfrog zombies
  A quasit (D:8)
  A bullfrog skeleton (D:8)
  2 hounds
  2 jellies
  5 orc priests
  Crazy Yiuf (D:7)
  A centaur skeleton (D:4)
  6 orc wizards
  2 iguanas (D:5)
  4 worker ants
  2 killer bee zombies
  2 hound skeletons
  Robin (D:4)
  A gnoll (D:8)
  9 adders
  A shadow imp (D:7)
  An ooze (D:2)
  An adder zombie (D:5)
  8 worms
  2 dart slugs
  6 leopard geckos
  23 orcs
  8 giant cockroaches
  14 goblins
  9 hobgoblins
  3 jackals (D:6)
  8 kobolds
  2 quokkas (D:2)
  2 ball pythons
  7 bats
  3 frilled lizards
  2 quokka zombies
  6 rats
190 creatures vanquished.

Vanquished Creatures (collateral kills)
  3 wights (D:8)
  An orc priest (D:8)
  An orc wizard (D:8)
  A worker ant (D:8)
  4 gnolls (D:8)
  A leopard gecko (D:8)
11 creatures vanquished.

Vanquished Creatures (others)
  4 wandering mushrooms (D:8)
  41 toadstools
45 creatures vanquished.

Grand Total: 246 creatures vanquished

Notes
Turn   | Place    | Note
-------+----------+-------------------------------------------
     0 | D:1      | Meenos the Troll Fighter began the quest for the Orb.
     0 | D:1      | Reached XP level 1. HP: 22/22 MP: 0/0
   273 | D:1      | Reached XP level 2. HP: 29/29 MP: 1/1
   969 | D:2      | Reached XP level 3. HP: 7/36 MP: 2/2
  1090 | D:2      | Reached skill level 2 in Axes
  1508 | D:2      | Reached XP level 4. HP: 44/44 MP: 3/3
  1540 | D:2      | Found an opulent altar of Gozag.
  1541 | D:2      | Found an ancient bone altar of Kikubaaqudgha.
  1700 | D:3      | Noticed a bullfrog
  1705 | D:3      | Killed a bullfrog
  1705 | D:3      | Reached skill level 3 in Axes
  1705 | D:3      | Reached XP level 5. HP: 50/50 MP: 4/4
  1717 | D:3      | Found a sacrificial altar of Ru.
  1985 | D:3      | Noticed an ogre
  1996 | D:3      | Killed an ogre
  1996 | D:3      | Reached skill level 4 in Axes
  1996 | D:3      | Reached XP level 6. HP: 4/59 MP: 5/5
  2776 | D:4      | Noticed Robin
  2803 | D:4      | Killed Robin
  2803 | D:4      | Reached skill level 5 in Axes
  2803 | D:4      | Reached XP level 7. HP: 55/66 MP: 6/6
  2855 | D:4      | HP: 3/66 [something (5)]
  3406 | D:5      | Entered Level 5 of the Dungeon
  3568 | D:5      | Noticed Menkaure
  3573 | D:5      | Killed Menkaure
  3573 | D:5      | Reached skill level 5 in Shields
  3871 | D:5      | Reached skill level 6 in Axes
  3882 | D:5      | Found a white marble altar of Elyvilon.
  4180 | D:5      | Found a blossoming altar of Fedhas.
  4194 | D:5      | Became a worshipper of Fedhas Madash
  4278 | D:5      | Found a basalt altar of Yredelemnul.
  4343 | D:5      | Reached XP level 8. HP: 74/74 MP: 7/7
  4583 | D:6      | Noticed Gremour's ghost (novice GrFi)
  4610 | D:6      | Killed Gremour's ghost
  4610 | D:6      | Reached skill level 7 in Axes
  4680 | D:6      | Found a sparkling altar of Nemelex Xobeh.
  4789 | D:6      | Noticed Edmund
  4812 | D:6      | Killed Edmund
  4845 | D:6      | Found a hazy altar of Hepliaklqana.
  5477 | D:7      | Reached XP level 9. HP: 55/80 MP: 8/8
  5541 | D:7      | Found a shattered altar of Ashenzari.
  5547 | D:7      | Noticed Duvessa
  5552 | D:7      | Noticed Dowan
  5559 | D:7      | Killed Duvessa
  5567 | D:7      | Reached skill level 8 in Axes
  5586 | D:7      | Killed Dowan
  5637 | D:7      | Gained mutation: You are partially covered in molten scales. (AC +2) [mutagenic meat]
  5638 | D:7      | Gained mutation: You are occasionally teleported next to monsters. [mutagenic meat]
  5740 | D:7      | Found a runed door.
  5744 | D:7      | Noticed Crazy Yiuf
  5748 | D:7      | Killed Crazy Yiuf
  5858 | D:7      | Noticed Pikel
  5882 | D:7      | Killed Pikel
  6060 | D:7      | Found a staircase to the Ecumenical Temple.
  6437 | D:8      | Reached skill level 9 in Axes
  6465 | D:8      | Reached * piety under Fedhas
  6826 | D:8      | Reached XP level 10. HP: 88/88 MP: 9/9
  6978 | D:8      | Found a staircase to the Lair.
  7261 | D:8      | Found a hazy altar of Hepliaklqana.
  7334 | D:8      | Learned a level 1 spell: Corona
  7732 | D:8      | You fall through a shaft for 3 floors!
  7747 | D:11     | Reached skill level 10 in Axes
  7809 | D:11     | Found a staircase to the Orcish Mines.
  7809 | D:11     | Noticed a two-headed ogre
  7815 | D:11     | Mangled by a two-headed ogre

Skill      XL: |  1  2  3  4  5  6  7  8  9 10 |
---------------+-------------------------------+-----
Shields        | 3 4 5 6 8 9 |  9.0
Axes           | 2 3 4 5 6 7 9 10 | 10.0
Fighting       | |  2.4
Dodging        | |  2.4

Action                   |  1- 3 |  4- 6 |  7- 9 | 10-12 || total
-------------------------+-------+-------+-------+-------++-------
Melee: War axe           |   127 |   171 |   450 |   145 ||   893
 Cast: Corona            |       |       |       |     2 ||     2
Invok: Fungal Bloom      |       |       |     8 |     5 ||    13
       Evolution         |       |       |     2 |     2 ||     4
  Use: Scroll            |       |     5 |     1 |     1 ||     7
       Potion            |       |     2 |     2 |     2 ||     6
 Stab: Sleeping          |     3 |     2 |    11 |     1 ||    17
  Eat: Chunk             |    20 |    12 |    33 |     6 ||    71
       Meat ration       |       |       |     1 |       ||     1
       Bread ration      |       |       |     1 |       ||     1
Armor: Robe              |    59 |    65 |   156 |    26 ||   306
Dodge: Dodged            |    74 |    62 |   148 |    41 ||   325
Block: Shield            |     9 |    96 |   326 |   103 ||   534
